 Dungeon Crawl Stone Soup version 0.20.1-1-g8b1a95d (console) character file.

954 hilaritas the Chiller (level 7, 0/54 HPs)
             Began as a Deep Elf Ice Elementalist on Aug 26, 2017.
             Was a Follower of Sif Muna.
             Succumbed to a worker ant's poison
             ... on level 5 of the Dungeon.
             The game lasted 00:21:42 (7937 turns).

hilaritas the Chiller (Deep Elf Ice Elementalist)   Turns: 7937, Time: 00:21:43

Health: 0/54       AC: 23    Str:  6    XL:     7   Next: 91%
Magic:  1/18       EV:  2    Int: 21    God:    Sif Muna [*.....]
Gold:   468        SH:  0    Dex: 15    Spells: 5/19 levels left

rFire    . . .     SeeInvis .   e - +1 dagger
rCold    . . .     Gourm    .   (no shield)
rNeg     + + +     Faith    .   (armour currently unavailable)
rPois    +         Spirit   .   (helmet currently unavailable)
rElec    .         Reflect  .   (cloak currently unavailable)
rCorr    .         Harm     .   (gloves currently unavailable)
MR       .....     NoTele   +   (boots currently unavailable)
Stlth    ++........             (no amulet)
Regen    0.2/turn               (no ring)
MPRegen  0.2/turn               (no ring)

@: lethally poisoned (0 -> -4), tree-form, no casting
A: no striking features
a: Stop Divine Energy, Renounce Religion


You were on level 5 of the Dungeon.
You worshipped Sif Muna.
Sif Muna was aware of your devotion.
You were not hungry.
You were a tree.
You visited 1 branch of the dungeon, and saw 5 of its levels.
You also visited: Ossuary.

You collected 468 gold pieces.

Inventory:

Hand Weapons
 e - a +1 dagger (weapon)
Missiles
 h - 42 arrows
Armour
 a - a +0 robe (melded)
 k - a +2 shield
 q - a +1 pair of boots (melded)
 u - a +0 cloak (melded)
Jewellery
 j - an uncursed ring of resist corrosion
Wands
 d - a wand of flame (30/48)
Scrolls
 f - 3 scrolls of identify
 l - 7 scrolls of teleportation
 r - a scroll of remove curse
Potions
 m - a potion of brilliance
 v - a potion of cancellation
Books
 b - a book of Frost

   Spells                             Type                      Level
   a - Freeze                         Ice                          1
   b - Throw Frost                    Conjuration/Ice              2
   c - Ozocubu's Armour               Charms/Ice                   3
   d - Throw Icicle                   Conjuration/Ice              4
   e - Summon Ice Beast               Ice/Summoning                4
 s - a book of Maledictions

   Spells                             Type                      Level
   a - Corona                         Hexes                        1
   b - Ensorcelled Hibernation        Hexes/Ice                    2
   c - Confuse                        Hexes                        3
   d - Tukima's Dance                 Hexes                        3
   e - Dazzling Spray                 Conjuration/Hexes            3
Comestibles
 c - 2 bread rations
 t - a fruit


   Skills:
 - Level 2.4 Dodging
 - Level 2.4 Stealth
 * Level 2.3 Shields
 - Level 6.5 Spellcasting
 * Level 3.5 Conjurations
 - Level 1.3 Charms
 - Level 1.0 Summonings
 + Level 6.6 Ice Magic
 * Level 3.2 Invocations


You had 5 spell levels left.
You knew the following spells:

 Your Spells              Type           Power        Failure   Level  Hunger
a - Freeze                Ice            ####         1%          1    None
b - Throw Frost           Conj/Ice       ####..       1%          2    None
c - Ozocubu's Armour      Chrm/Ice       ###.....     5%          3    #......
d - Throw Icicle          Conj/Ice       ####....     11%         4    ###....
e - Summon Ice Beast      Ice/Summ       ###.....     19%         4    ###....


Dungeon Overview and Level Annotations

Branches:
Dungeon (5/15)
 Temple: D:4-7

Altars:
Cheibriados
Fedhas
Gozag
Qazlal
Ru
Sif Muna
Xom
Zin
The Shining One


Message History

It was a potion of cancellation.
Your magical effects are unravelling.
You feel magically purged.
You feel a little less clever now.
You feel a little less agile now.
Your resistance to elements expires.
* * * LOW HITPOINT WARNING * * *
You feel sick.
The worker ant bites you but does no damage.
You turn into a tree.
Your +0 cloak melds into your body.
Your +1 pair of boots melds into your body.
Your +0 robe melds into your body.
Your roots penetrate the ground.
The worker ant bites you but does no damage.
Okay, then.
Okay, then.
Okay, then.
Wield which item (- for none, * to show all)? (? for menu, Esc to quit)
Okay, then.
You hit the worker ant but do no damage.
The worker ant is moderately wounded.
You die...

,**.#...*#.*#..##........*.#,,,**
,8*,.#..##.###.[#......###.#**,,*
,**,,........#.........#..5.,#..,
8***,,..#..#...#.....#.#######.#*
,**,,*#.*#..#..#.....#.≈≈≈≈≈≈≈.#*
,8*,**#.###....###.....#####*#.##
,**** #..####..........#,...,#...
8* *#[).)....a......###.###..# **
#####....♣........#.#...#. **
#.....#.........#.#..... ,*
##.#..######............# **
###..#.##,,,,###....#.....#
#...####,,,,,,*#..###.....$
###.#####,,,,,,,,#..###....#.
#...# #.#,,,,*,,,+.###..#####
##.### #.#,,,*,,,,+........###
####..#####.#,,,,,,,,####.....$.#


You could see a worker ant.

Vanquished Creatures
  An ogre (D:4)
  A phantom (D:5)
  A crimson imp (D:5)
  A jelly (D:5)
  3 orc priests (D:3)
  Crazy Yiuf (D:3)
  3 orc wizards
  2 iguanas
  Natasha (thrice) (D:3)
  A worker ant (D:1)
  9 mummies
  13 adders
  A shadow imp (D:5)
  4 oozes
  3 worms
  5 dart slugs
  12 orcs
  A ball python (D:3)
  3 giant cockroaches
  A gnoll zombie (Ossuary)
  7 hobgoblins
  7 jackals (D:2)
  2 quokkas
  7 bats
  4 frilled lizards
  7 goblins
  2 hobgoblin zombies (Ossuary)
  9 kobolds
  5 orc zombies (Ossuary)
  A quokka skeleton (D:5)
  5 rats (D:1)
125 creatures vanquished.

Notes
Turn   | Place    | Note
-------+----------+-------------------------------------------
     0 | D:1      | hilaritas the Deep Elf Ice Elementalist began the quest for the Orb.
     0 | D:1      | Reached XP level 1. HP: 10/10 MP: 6/6
    91 | D:1      | Reached XP level 2. HP: 8/15 MP: 1/8
    96 | D:1      | Learned a level 2 spell: Throw Frost
   971 | D:1      | Reached XP level 3. HP: 5/19 MP: 1/9
  1378 | D:2      | Reached skill level 5 in Ice Magic
  1383 | D:2      | Learned a level 3 spell: Ozocubu's Armour
  1428 | D:2      | Found a sacrificial altar of Ru.
  1482 | D:2      | Reached XP level 4. HP: 24/24 MP: 6/10
  1879 | D:2      | Found a snail-covered altar of Cheibriados.
  2129 | D:2      | Learned a level 4 spell: Throw Icicle
  2315 | D:2      | Found a shimmering altar of Xom.
  2317 | D:2      | Found a glowing silver altar of Zin.
  2317 | D:2      | Found a glowing golden altar of the Shining One.
  2319 | D:2      | Found a sacrificial altar of Ru.
  2319 | D:2      | Found a basalt altar of Yredelemnul.
  2319 | D:2      | Found a shimmering altar of Xom.
  2455 | D:2      | Found a deep blue altar of Sif Muna.
  2464 | D:2      | Became a worshipper of Sif Muna the Loreminder
  2513 | D:2      | Reached XP level 5. HP: 23/28 MP: 11/14
  2948 | D:3      | Reached skill level 5 in Spellcasting
  2957 | D:3      | Learned a level 4 spell: Summon Ice Beast
  3139 | D:3      | Found an opulent altar of Gozag.
  3250 | D:3      | Noticed Natasha
  3254 | D:3      | Killed Natasha
  3254 | D:3      | Reached skill level 1 in Shields
  3565 | D:3      | Found a blossoming altar of Fedhas.
  3639 | D:3      | Reached XP level 6. HP: 8/32 MP: 6/17
  3880 | D:3      | Noticed Natasha
  3884 | D:3      | Killed Natasha
  3884 | D:3      | Reached skill level 1 in Invocations
  3924 | D:3      | Noticed Natasha
  3929 | D:3      | Killed Natasha
  3929 | D:3      | Reached skill level 1 in Charms
  4157 | D:3      | Found a runed door.
  4162 | D:3      | Noticed Crazy Yiuf
  4165 | D:3      | Killed Crazy Yiuf
  4407 | D:4      | Found a glowing silver altar of Zin.
  4443 | D:4      | Reached skill level 1 in Summonings
  4590 | D:4      | Reached XP level 7. HP: 19/36 MP: 9/18
  4776 | D:4      | Found a stormy altar of Qazlal.
  4806 | D:4      | Reached * piety under Sif Muna
  5186 | D:5      | Entered Level 5 of the Dungeon
  5264 | D:5      | Found a sand-covered staircase.
  5278 | Ossuary  | Entered an ossuary
  6875 | Ossuary  | HP: 2/54 [mummy (8)]
  7920 | D:5      | HP: 1/36 [phantom (1)]
  7935 | D:5      | HP: 1/36 [poisoned by a worker ant]
  7937 | D:5      | Succumbed to a worker ant's poison

Skill      XL: |  1  2  3  4  5  6  7 |
---------------+----------------------+-----
Ice Magic      | 4 5 6 |  6.6
Conjurations   | 2 3 |  3.5
Spellcasting   | 4 6 |  6.5
Shields        | 1 2 |  2.3
Invocations    | 2 3 |  3.2
Charms         | 1 |  1.3
Summonings     | 1 |  1.0
Dodging        | |  2.4
Stealth        | |  2.4

Action                   |  1- 3 |  4- 6 |  7- 9 || total
-------------------------+-------+-------+-------++-------
Melee: Dagger            |     2 |     5 |   131 ||   138
 Cast: Freeze            |    37 |   111 |    83 ||   231
       Throw Frost       |       |    14 |    27 ||    41
       Ozocubu's Armour  |       |     4 |     1 ||     5
       Throw Icicle      |       |       |    21 ||    21
Invok: Divine Energy     |       |       |     1 ||     1
Evoke: Wand              |       |       |     3 ||     3
  Use: Potion            |     1 |     3 |    14 ||    18
       Scroll            |       |     6 |     4 ||    10
  Eat: Chunk             |     2 |     9 |     5 ||    16
       Fruit             |       |       |     7 ||     7
       Royal jelly       |       |       |     1 ||     1
Armor: Robe              |    10 |    10 |    31 ||    51
       Skin              |       |       |     8 ||     8
Dodge: Dodged            |    19 |    47 |    88 ||   154
